 Dungeon Crawl Stone Soup version 0.31-a0-1-g4198be8af4 (console) character file.

Game seed: 16758403556103727017

143609 jejorda2 the Phalangite (level 17, -2/178 (193) HPs)
             Began as a Merfolk Berserker on May 2, 2023.
             Was the Champion of Trog.
             Succumbed to a redback's poison
             ... on level 2 of the Lair of Beasts.
             The game lasted 01:28:43 (25753 turns).

jejorda2 the Phalangite (Merfolk Berserker)        Turns: 25753, Time: 01:28:43

HP:   -2/178 (193)  AC: 38    Str: 23    XL:     17   Next: 38%
MP:   17/17         EV:  6    Int: 10    God:    Trog [******]
Gold: 1742          SH:  0    Dex: 15    Spells: 16/16 levels left

rFire   + . .        a - +3 glaive (heavy)
rCold   + . .        (shield currently unavailable)
rNeg    + . .        F - +0 crystal plate armour
rPois   +            p - +2 helmet
rElec   .            N - +2 cloak
rCorr   +            q - +1 pair of gloves "Qeschu" {rF+ Regen+ Int+3}
SInv    .            M - +2 pair of boots
Will    +....        s - amulet of faith Stlth
                     v - ring "Enusaur" {rC+ rN+ rCorr AC+4}
HPRegen 1.29/turn    T - ring of poison resistance
MPRegen 0.15/turn

%: faith
@: berserking (expiring), lethally poisoned (-2 -> -19), studying Shields,
drained, very quick
A: (nimble swimmer 2), mertail, frail 1
a: Renounce Religion, Berserk, Trog's Hand, Brothers in Arms


You were on level 2 of the Lair of Beasts.
You worshipped Trog.
Trog was exalted by your worship.
You visited 4 branches of the dungeon, and saw 23 of its levels.
You visited the Abyss 1 time.
You also visited: Bailey and Ice Cave.

You collected 2983 gold pieces.
You spent 1241 gold pieces at shops.

Inventory:

Hand Weapons
 a - a +3 heavy glaive (weapon)
 b - a +4 trident
Missiles
 d - 186 stones
 h - 9 curare-tipped darts
 j - 50 poisoned darts
 k - 12 boomerangs
 A - 23 javelins (quivered)
Armour
 p - a +2 helmet (worn)
 q - the +1 pair of gloves "Qeschu" (worn) {rF+ Regen+ Int+3}
   (You acquired it on level 11 of the Dungeon)

   Int:       It affects your intelligence (+3).
   rF:        It protects you from fire.
   Regen:     It increases your rate of health regeneration.
 F - a +0 crystal plate armour (worn)
 M - a +2 pair of boots (worn)
 N - a +2 cloak (worn)
Jewellery
 s - an amulet of faith (around neck)
 t - a ring of see invisible
 v - the ring "Enusaur" (left hand) {rC+ rN+ rCorr AC+4}
   (You bought it in a shop on level 1 of the Orcish Mines)

   [ring of protection]

   AC:        It affects your AC (+4).
   rC:        It protects you from cold.
   rN:        It protects you from negative energy.
   rCorr:     It protects you from acid and corrosion.
 C - a ring of fire
 T - a ring of poison resistance (right hand)
Wands
 m - a wand of flame (18)
 y - a wand of mindburst (17)
 z - a wand of paralysis (20)
 K - a wand of acid (4)
 O - a wand of digging (15)
 Q - a wand of polymorph (7)
Scrolls
 e - 4 scrolls of fog
 f - a scroll of fear
 n - 3 scrolls of poison
 r - 3 scrolls of blinking
 x - 6 scrolls of teleportation
 B - a scroll of enchant weapon
 G - a scroll of magic mapping
 J - a scroll of butterflies
Potions
 c - 6 potions of attraction
 g - 5 potions of flight
 i - 2 potions of haste
 l - 10 potions of curing
 o - a potion of heal wounds
 u - a potion of invisibility
 w - 2 potions of cancellation
 D - 3 potions of might
 I - 5 potions of ambrosia
 P - a potion of mutation
 R - 3 potions of berserk rage
Miscellaneous
 E - a phial of floods


   Skills:
 - Level 16.0 Fighting
 * Level 22.3 Polearms
 - Level 16.0 Throwing
 - Level 11.4 Armour
 - Level 2.6 Dodging
 - Level 6.0 Evocations


You had 16 spell levels left.
You didn't know any spells.
Your spell library was empty.

Dungeon Overview and Level Annotations

Branches:
Dungeon (15/15)            Temple (0/1) D:7            Lair (5/5) D:8
  Swamp (0/4) Lair:3       Spider (1/4) Lair:2        Slime (0/5) Lair:5
    Orc (2/2) D:9             Elf (0/3) Orc:2        Vaults (0/5) D:14
 Depths (0/4) D:15         Bailey (visited)           IceCv (visited)

Altars:
Ashenzari
Cheibriados
Dithmenos
Elyvilon
Hepliaklqana
Kikubaaqudgha
Makhleb
Nemelex Xobeh
Trog
Uskayaw
Yredelemnul

Shops:
D:4 (   D:10 (   Orc:1 =   Orc:2 (**(:

Annotations:
D:12 2 runed translucent doors


Innate Abilities, Weirdness & Mutations

((You are very nimble when in or above water. (Stealth+, EV+, Speed+++)))
Your lower body shifts to a powerful aquatic tail in water.
You are frail. (-10% HP)


Message History

The jumping spider completely misses you.
You slice the jumping spider!!
You kill the jumping spider!
Trog accepts your kill.
You feel sick. The culicivora barely misses you. The redback barely misses you.
The wolf spider hits you.
* * * LOW HITPOINT WARNING * * *
The wolf spider bites you but does no damage.
You miss the culicivora.
You feel sick. The culicivora bites you!
* * * LOW HITPOINT WARNING * * *
The culicivora draws strength from your injuries!
The redback bites you.
* * * LOW HITPOINT WARNING * * *
You are lethally poisoned!
The redback poisons you!
The wolf spider hits you but does no damage.
The wolf spider barely misses you.
You completely miss the culicivora.
* * * LOW HITPOINT WARNING * * *
You feel extremely sick.
The culicivora bites you but does no damage.
The wolf spider completely misses you. The wolf spider bites you.
* * * LOW HITPOINT WARNING * * *
The redback bites you but does no damage.
You closely miss the culicivora.
* * * LOW HITPOINT WARNING * * *
You feel very sick.
The culicivora bites you but does no damage.
The wolf spider hits you but does no damage.
The wolf spider bites you but does no damage.
The redback bites you but does no damage.
You barely miss the culicivora.
* * * LOW HITPOINT WARNING * * *
You feel very sick.
The wolf spider hits you but does no damage.
The wolf spider bites you but does no damage.
The culicivora barely misses you. The redback barely misses you.
Unknown command.
You barely miss the culicivora.
You die...

#.......... ###
###....##....
##P########.#.#........
##...^^^.^.....##..##...
#..^.^....^^...#...###..
###..^..^^^....####.####.P
#.#.^..^^.....^.###.# #P.#
##..^^^.^^^^^^..##..###..#
##.^...s@s^^...###..##...
#..^...^.s..^^..##.#.....
#........^...^.#.#.P.....
#...^^.^.^............#.#
#...^..^...^...##..###..P
#.............#.#...###..
##.##................##.P
#..............#...###..
#..###.###....###..###.#


You could see a wolf spider, a culicivora and a redback.

Vanquished Creatures
  3 bone dragons (Abyss:2)
  A hellephant (Abyss:2)
  Jorgrun (D:15)
  A tentacled starspawn (Abyss:2)
  2 azure jellies (IceCv)
  A quicksilver ooze (IceCv)
  Snorg (Orc:2)
  Azrael (Orc:2)
  A dire elephant (D:15)
  Josephine (Lair:5)
  A fire dragon (Lair:5)
  Fannar (D:12)
  4 vault guards (D:14)
  7 hydras
  A rakshasa (Abyss:2)
  2 centaur warriors
  3 two-headed ogres
  3 boulder beetles
  3 death yaks (Lair:5)
  A tengu warrior (D:14)
  3 orc high priests (Orc:2)
  A skyshark (Lair:5)
  13 skeletal warriors
  A swamp dragon (Lair:5)
  A flayed ghost (Abyss:2)
  3 bog bodies (Lair:3)
  7 orc knights
  Pikel (D:6)
  4 deep elf pyromancers
  7 orc sorcerers
  A salamander (D:15)
  22 ugly things
  A wolf spider (D:15)
  A cyclops (Orc:2)
  5 elephants (Lair:5)
  A worldbinder (Abyss:2)
  2 ice statues (IceCv)
  2 manticores (D:14)
  3 gargoyles
  2 black mambas
  4 torpor snails (Lair:3)
  6 cane toads
  An unseen horror (D:11)
  3 kobold demonologists (D:12)
  2 freezing wraiths
  3 rime drakes
  3 ancient zymes (Abyss:2)
  2 tengu conjurers
  An efreet (D:14)
  12 komodo dragons
  A large abomination (Abyss:2)
  10 polar bears
  8 trolls
  13 raiju
  23 slime creatures
  A small abomination (Abyss:2)
  A jumping spider (Lair:2)
  A centaur simulacrum (D:15)
  4 wraiths
  2 ynoxinuls (Abyss:2)
  A culicivora (shapeshifter) (D:13)
  8 wyverns
  48 yaks
  4 fire elementals (Orc:2)
  14 vampire mosquitoes
  3 neqoxecs (Abyss:2)
  A chaos spawn (Abyss:2)
  3 steam dragons
  2 swamp worms (Lair:3)
  10 wargs
  Duvessa (D:7)
  16 water moccasins
  17 hell hounds
  A hornet zombie (D:6)
  4 swamp drakes (Lair:5)
  2 ice beasts (D:5)
  15 black bears
  32 orc warriors
  A sky beast (D:7)
  A great orb of eyes simulacrum (IceCv)
  9 ogres
  17 wolves
  20 centaurs
  2 slime creature simulacra (IceCv)
  14 bullfrogs
  6 kobold brigands
  6 glowing shapeshifter simulacra (IceCv)
  18 wights
  A water moccasin zombie (D:6)
  4 scorpions
  Dowan (D:7)
  11 killer bees
  An electric eel (Lair:3)
  2 howler monkeys (D:7)
  2 jellies (D:7)
  A quasit (Abyss:2)
  4 bullfrog zombies (D:6)
  22 orc priests
  4 hounds
  3 sleepcaps
  13 iguanas
  24 orc wizards
  5 hell rats (Lair:1)
  7 shapeshifter simulacra (IceCv)
  A killer bee zombie (D:6)
  Robin (D:2)
  7 adders
  14 white imps
  3 ufetubi
  2 worms
  3 dart slugs
  96 orcs
  9 endoplasms
  3 giant cockroaches (D:1)
  22 goblins
  8 hobgoblins
  4 jackals (D:3)
  29 kobolds
  3 quokkas
  6 ball pythons
  5 bats
  7 rats
825 creatures vanquished.

Vanquished Creatures (collateral kills)
  A death yak (Lair:3)
  An orc high priest (Orc:2)
  An orc knight (Orc:2)
  An orc sorcerer (Orc:2)
  An ugly thing (D:13)
  A tengu conjurer (D:14)
  A raiju (shapeshifter) (D:13)
  2 yaks (Lair:4)
  3 vampire mosquitoes (D:13)
  2 orc warriors (Orc:2)
  A black bear (Lair:5)
  2 wolves
17 creatures vanquished.

Vanquished Creatures (others)
  A centaur (Bailey)
  3 orc priests
  8 orcs
  A bush (Lair:5)
  17 fungi
  64 plants
  A starspawn tentacle (Abyss:2)
95 creatures vanquished.

Grand Total: 937 creatures vanquished

Notes
Turn   | Place    | Note
-------+----------+-------------------------------------------
     0 | D:1      | jejorda2 the Merfolk Berserker began the quest for the Orb.
     0 | D:1      | Reached XP level 1. HP: 18/18 MP: 1/1
    79 | D:1      | Reached XP level 2. HP: 24/24 MP: 2/2
   306 | D:1      | Reached skill level 5 in Polearms
   308 | D:1      | Reached ** piety under Trog
   393 | D:1      | Reached XP level 3. HP: 24/30 MP: 3/3
  1253 | D:2      | Noticed Robin
  1261 | D:2      | Reached XP level 4. HP: 37/37 MP: 4/4
  1289 | D:2      | Killed Robin
  1290 | D:2      | Reached skill level 1 in Throwing
  1418 | D:2      | Found a faded altar of an unknown god.
  1500 | D:3      | Reached skill level 6 in Polearms
  1527 | D:3      | Reached XP level 5. HP: 42/42 MP: 5/5
  1556 | D:3      | Reached *** piety under Trog
  1824 | D:3      | Reached XP level 6. HP: 49/49 MP: 6/6
  1831 | D:3      | Reached skill level 7 in Polearms
  2373 | D:4      | Found Quklumof's Weapon Boutique.
  2588 | D:4      | Reached skill level 5 in Fighting
  2706 | D:4      | Reached XP level 7. HP: 26/56 MP: 7/7
  2901 | D:4      | Found a snail-covered altar of Cheibriados.
  3431 | D:5      | Entered Level 5 of the Dungeon
  3440 | D:5      | Reached skill level 8 in Polearms
  3669 | D:5      | Found a white marble altar of Elyvilon.
  3727 | D:5      | Reached skill level 9 in Polearms
  3727 | D:5      | Reached XP level 8. HP: 24/64 MP: 8/8
  4092 | D:5      | Found a bloodstained altar of Trog.
  4176 | D:5      | Reached **** piety under Trog
  4730 | D:6      | Reached skill level 10 in Polearms
  4945 | D:6      | Found a broken altar of Ashenzari.
  4947 | D:6      | Noticed Pikel
  4971 | D:6      | Killed Pikel
  4972 | D:6      | Reached skill level 11 in Polearms
  4972 | D:6      | Reached skill level 5 in Throwing
  4972 | D:6      | Reached XP level 9. HP: 69/69 MP: 9/9
  5118 | D:6      | Found an ancient bone altar of Kikubaaqudgha.
  5272 | D:6      | Found a sparkling altar of Nemelex Xobeh.
  5398 | D:6      | Found a basalt altar of Yredelemnul.
  5702 | D:7      | Reached skill level 12 in Polearms
  6175 | D:7      | Noticed a troll
  6189 | D:7      | Killed a troll
  6254 | D:7      | Reached skill level 13 in Polearms
  6322 | D:7      | Reached XP level 10. HP: 73/76 MP: 10/10
  6550 | D:7      | Noticed Duvessa
  6550 | D:7      | Noticed Dowan
  6554 | D:7      | Killed Dowan
  6565 | D:7      | Killed Duvessa
  6566 | D:7      | Reached skill level 5 in Armour
  6908 | D:7      | Found a staircase to the Ecumenical Temple.
  7155 | D:7      | Found a burning altar of Makhleb.
  7307 | D:8      | Found a staircase to the Lair.
  7462 | D:8      | Reached skill level 14 in Polearms
  7942 | D:8      | Found a hazy altar of Hepliaklqana.
  8283 | D:9      | Found a shadowy altar of Dithmenos.
  8333 | D:9      | Reached skill level 15 in Polearms
  8526 | D:9      | Reached ***** piety under Trog
  8527 | D:9      | Reached XP level 11. HP: 81/81 MP: 11/11
  8939 | D:9      | Found a staircase to the Orcish Mines.
  9413 | Lair:1   | Entered Level 1 of the Lair of Beasts
  9751 | Lair:1   | Identified the +0 war axe of Theory {flame, *Corrode rF++
                  | Str+2}
  9798 | Lair:1   | Identified the +4 war axe of Invincibility {drain, +Blink
                  | rElec}
 10253 | Lair:2   | Reached skill level 16 in Polearms
 10751 | Lair:2   | Found a hole to the Spider Nest.
 10942 | Lair:2   | Reached skill level 10 in Throwing
 11007 | Lair:2   | Noticed a seven-headed hydra
 11017 | Lair:2   | Killed a seven-headed hydra
 11825 | Lair:3   | Noticed a death yak
 11831 | Lair:3   | Killed a death yak
 11832 | Lair:3   | Reached XP level 12. HP: 86/88 MP: 12/12
 11980 | Lair:3   | Reached skill level 17 in Polearms
 12082 | Lair:3   | Found a snail-covered altar of Cheibriados.
 12940 | Lair:3   | Found a staircase to the Swamp.
 13307 | Lair:4   | Noticed a seven-headed hydra
 13316 | Lair:4   | Killed a seven-headed hydra
 13807 | Lair:5   | Entered Level 5 of the Lair of Beasts
 13819 | Lair:4   | Received a gift from Trog
 13897 | Lair:4   | Reached skill level 18 in Polearms
 14218 | Lair:5   | Noticed Josephine
 14238 | Lair:5   | Killed Josephine
 14239 | Lair:5   | Reached XP level 13. HP: 98/98 MP: 13/13
 14300 | Lair:5   | Found a staircase to the Slime Pits.
 14880 | Lair:5   | Reached skill level 19 in Polearms
 15555 | Lair:5   | Reached skill level 20 in Polearms
 15579 | Lair:5   | Reached skill level 1 in Evocations
 15829 | Lair:5   | Reached skill level 10 in Fighting
 16050 | Lair:5   | Reached XP level 14. HP: 111/111 MP: 14/14
 16245 | Lair:5   | Reached skill level 5 in Evocations
 17018 | D:10     | Entered Level 10 of the Dungeon
 17026 | D:10     | Found Byttem's Antique Weapon Boutique.
 17165 | D:10     | Found a flagged portal.
 17176 | Bailey   | Entered a bailey
 17193 | Bailey   | Reached ****** piety under Trog
 17474 | Bailey   | Received a gift from Trog
 17578 | Bailey   | Reached XP level 15. HP: 110/120 MP: 15/15
 17758 | D:10     | Identified the staff of conjuration "Figayck" {rN+}
 18117 | D:10     | You fall into a shaft and drop 3 floors!
 18357 | D:13     | Found a hide-covered altar of Uskayaw.
 18378 | D:13     | Reached skill level 15 in Throwing
 18561 | D:11     | Identified a scroll of acquirement
 18562 | D:11     | Acquired the +1 pair of gloves "Qeschu" {rF+ Regen+ Int+3}
 18626 | D:11     | Found a frozen archway.
 18642 | IceCv    | Entered an ice cave
 19218 | IceCv    | Received a gift from Trog
 19315 | IceCv    | Noticed an azure jelly
 19318 | IceCv    | Noticed an azure jelly
 19319 | IceCv    | Killed an azure jelly
 19324 | IceCv    | Killed an azure jelly
 19426 | IceCv    | Found a viscous altar of Jiyva.
 19446 | IceCv    | Got the ring "Weighoi" {Ice Str-4 Int+3 Dex+8}
 20285 | D:12     | Noticed Fannar
 20292 | D:12     | Killed Fannar
 20299 | D:12     | Found a runed translucent door.
 20308 | D:12     | Found a runed translucent door.
 20363 | D:12     | Received a gift from Trog
 20998 | D:13     | Reached skill level 10 in Armour
 21462 | D:14     | Reached XP level 16. HP: 129/129 MP: 16/16
 21849 | D:14     | Found a gate to the Vaults.
 22411 | D:15     | Entered Level 15 of the Dungeon
 22423 | Abyss:2  | Cast into level 2 of the Abyss (skeletal warrior)
 22511 | Abyss:2  | Noticed a hellephant
 22549 | Abyss:2  | Killed a hellephant
 22592 | Abyss:2  | Noticed a tentacled starspawn
 22597 | Abyss:2  | Killed a tentacled starspawn
 22707 | Abyss:2  | Noticed a bone dragon
 22716 | Abyss:2  | Killed a bone dragon
 22718 | Abyss:2  | Gained mutation: You are frail. (-10% HP) [a neqoxec]
 22842 | Abyss:2  | Received a gift from Trog
 22875 | Abyss:2  | Noticed a bone dragon
 22896 | Abyss:2  | Noticed a bone dragon
 22897 | Abyss:2  | Killed a bone dragon
 22900 | Abyss:2  | Reached skill level 21 in Polearms
 22900 | Abyss:2  | Noticed a tentacled starspawn
 22903 | Abyss:2  | Killed a bone dragon
 22906 | D:15     | Escaped the Abyss
 23174 | D:15     | Reached skill level 15 in Fighting
 23228 | D:15     | Noticed Jorgrun
 23245 | D:15     | Killed Jorgrun
 23555 | D:15     | Found a staircase to the Depths.
 23604 | D:15     | Reached XP level 17. HP: 127/127 MP: 17/17
 23970 | Spider:1 | Entered Level 1 of the Spider Nest
 24091 | Orc:1    | Entered Level 1 of the Orcish Mines
 24224 | Orc:1    | Found Kuush's Jewellery Boutique.
 24354 | Orc:2    | Entered Level 2 of the Orcish Mines
 24354 | Orc:2    | Found a staircase to the Elven Halls.
 24591 | Orc:2    | Found Norghul's Antique Weapon Shoppe.
 24751 | Orc:2    | Received a gift from Trog
 24846 | Orc:2    | Noticed Azrael
 24860 | Orc:2    | Killed Azrael
 24946 | Orc:2    | Found Tokub's Book Emporium.
 24987 | Orc:2    | Noticed Snorg
 24994 | Orc:2    | Reached skill level 22 in Polearms
 25000 | Orc:2    | Killed Snorg
 25059 | Orc:2    | Found Sibbix's Antique Weapon Boutique.
 25083 | Orc:2    | Found Soerobb's Assorted Antiques.
 25085 | Orc:2    | Found Bablol's Assorted Antiques.
 25583 | Orc:2    | Bought a warped halberd for 225 gold pieces
 25583 | Orc:2    | Identified the +7 halberd of Jyajoelo {heavy, Dex+4} (You
                  | bought it in a shop on level 2 of the Orcish Mines)
 25601 | Orc:1    | Bought the ring "Enusaur" {rC+ rN+ rCorr AC+4} for 1016
                  | gold pieces
 25751 | Lair:2   | HP: 6/178 [poisoned by a redback]
 25752 | Lair:2   | HP: 1/178 [poisoned by a redback]
 25753 | Lair:2   | Succumbed to a redback's poison

Illustrated notes

Levels and vault maps discovered:
D:1:      lightli_arrival_chessboard, layout_loops_ring
D:2:      layout_rooms, hellmonk_ecumenical_altar_leap_of_faith,
          nicolae_hexahallways, hangedman_decor_slide_cut, uniq_robin
D:3:      layout_basic
D:4:      layout_basic, mainiacjoe_overflow_tiny_flanked, serial_shops,
          nicolae_shop_crystal
D:5:      layout_loops_ring, lemuel_doored_altar, elyvilon_altar_4
D:6:      layout_basic, nemelex_diamond_rough_becter,
          nicolae_yredelemnul_corpse_copse, mainiacjoe_overflow_catwalk,
          mainiacjoe_overflow_24_doors, chequers_serial_rivers_small_b,
          st_stairs_12, uniq_pikel
D:7:      layout_basic, lemuel_tele_altar, minmay_temple_entry_nine_rooms,
          serial_rivers, chequers_serial_rivers_marsh,
          chequers_serial_rivers_micro_b, chequers_serial_rivers_room_b,
          chequers_serial_rivers_micro_d, chequers_serial_rivers_small_b,
          chequers_serial_rivers_small_a, minmay_statues_item, uniq_duvessa
D:8:      layout_rooms, kennysheep_mini_moat, david_lair_shrubbed,
          minmay_misc_feat_roman, minmay_manual_mares
D:9:      layout_small_grid, nicolae_dithmenos_through_a_glass_darkly,
          minmay_orc_entry_guard_dogs
D:10:     layout_big_octagon, serial_shops, nicolae_diamond_shop,
          enter_bailey_3, eino_jars
D:11:     layout_cave_pools, portal_ice_cave_entry_imps
D:12:     lemuel_insect_pit, layout_long_grid, uniq_fannar
D:13:     layout_long_grid, eat_drink_and_be_merry_uskayaw
D:14:     layout_gridville, lightli_vaults_fourway_checkpoint,
          chequers_serial_rivers_marsh
D:15:     hangedman_depths_entry_try_elsewhere_first, layout_loops_ring,
          hangedman_abyss_or_decor_lesser_grid, minmay_misc_feat_tiny,
          uniq_jorgrun
Lair:1:   layout_cave_shapes
Lair:2:   layout_loops_ring, spider_nest_entry_web_field
Lair:3:   layout_chaotic_city, nicolae_swamp_entry_splash_gauntlet,
          columned_hall_lemuel, st_stairs_7, kennysheep_snail_temple
Lair:4:   layout_concentric_octagons, lemuel_fruit_tree
Lair:5:   guppyfry_lair_end_dragon, layout_gridlike,
          hangedman_lair_caniforms_friends, slime_entry_1,
          chequers_serial_rivers_micro_e, st_stairs_3, grunt_megastairs_4,
          uniq_josephine
Spider:1: layout_spider_delve, hangedman_spider_tarantella_strand
Orc:1:    layout_caves, serial_shops, nicolae_shop_hallway_stairs
Orc:2:    st_orc_elflike, layout_caves, serial_shops, nicolae_shop_stone,
          uniq_azrael, uniq_snorg

Skill      XL: |  1  2  3  4  5  6  7  8  9 10 11 12 13 14 15 16 17 |
---------------+----------------------------------------------------+-----
Polearms       | 5 6 7 9 11 13 15 16 18 20 21 22 | 22.3
Fighting       | 4 5 6 7 10 11 12 15 16 | 16.0
Throwing       | 1 2 3 5 6 7 11 12 14 16 | 16.0
Armour         | 2 3 4 6 7 8 9 10 11 | 11.4
Evocations     | 4 6 |  6.0
Dodging        | |  2.6

Action                     |  1- 3 |  4- 6 |  7- 9 | 10-12 | 13-15 | 16-18 || total
---------------------------+-------+-------+-------+-------+-------+-------++-------
  Melee: Spear             |    75 |       |       |       |       |       ||    75
         Punch             |     1 |     1 |     9 |    15 |       |       ||    26
         Trident           |    37 |   148 |   367 |   683 |    17 |       ||  1252
         Tailslap          |       |       |     4 |       |     7 |     5 ||    16
         Glaive            |       |       |       |    59 |   828 |   509 ||  1396
  Throw: Stone             |     1 |     3 |    14 |    33 |       |       ||    51
         Dart              |       |     2 |     2 |    57 |    47 |    11 ||   119
         Javelin           |       |       |     3 |     3 |    57 |    38 ||   101
         Boomerang         |       |       |       |       |    72 |    14 ||    86
 Invoke: Berserk           |     1 |     2 |     3 |    14 |    12 |     9 ||    41
         Trog's Hand       |     1 |     1 |     1 |     3 |     8 |     8 ||    22
         Brothers in Arms  |       |       |       |     2 |     2 |     2 ||     6
  Evoke: Wand              |       |       |       |       |     3 |       ||     3
    Use: Scroll            |       |       |       |    22 |    19 |     5 ||    46
         Potion            |       |       |       |       |     3 |     2 ||     5
   Stab: Sleeping          |     4 |       |       |       |       |       ||     4
         Paralysed         |       |       |       |       |     1 |       ||     1
 Armour: Animal skin       |    13 |       |       |       |       |       ||    13
         Ring mail         |     8 |    25 |       |       |       |       ||    33
         Plate armour      |       |     9 |   139 |       |       |       ||   148
         Crystal plate arm |       |       |    36 |   282 |   592 |   483 ||  1393
         Scale mail        |       |       |       |       |     2 |       ||     2
  Dodge: Dodged            |    36 |    47 |    66 |   178 |   417 |   202 ||   946

Table legend: (Time is in decaauts)
 A = Elapsed time spent in this place.
 B = Non-inter-level travel time spent in this place.
 C = Inter-level travel time spent in this place.
 D = Time resting spent in this place.
 E = Time spent auto-exploring this place.
 F = Levels seen in this place.
 G = Mean time per level.
                   A        B        C        D        E       F      G
               +--------+--------+--------+--------+--------+-----+--------+
         Total |  25338 |  24067 |   1271 |   2826 |  16269 |  26 |  974.5 |
       Dungeon |  14626 |  13882 |    744 |    905 |  10390 |  15 |  975.1 |
          Lair |   7389 |   7042 |    347 |   1266 |   4525 |   5 | 1477.8 |
   Spider Nest |      5 |      5 |      0 |      0 |      0 |   1 |    5.0 |
  Orcish Mines |   1473 |   1295 |    178 |      5 |    915 |   2 |  736.5 |
         Abyss |    499 |    499 |      0 |    170 |    143 |   1 |  499.0 |
        Bailey |    457 |    457 |      0 |     34 |    162 |   1 |  457.0 |
      Ice Cave |    887 |    887 |      0 |    444 |    132 |   1 |  887.0 |
               +--------+--------+--------+--------+--------+-----+--------+

Top non-repeatable levels by time:
  Lair:5: 2654 daAuts
  Lair:3: 1581 daAuts
     D:7: 1513 daAuts
     D:9: 1495 daAuts
  Lair:2: 1436 daAuts
     D:6: 1222 daAuts
     D:4: 1217 daAuts
     D:8: 1034 daAuts
  Lair:4: 1006 daAuts
    D:14: 1002 daAuts
     D:5: 998 daAuts
    D:13: 989 daAuts
    D:15: 920 daAuts
   Orc:2: 912 daAuts
   IceCv: 887 daAuts
